[Event "*** Titled Tuesday Blitz"]
[Site "Chess.com"]
[Date "2020.12.01"]
[Round "6"]
[White "Das_Virus_2020"]
[Black "vovachesss"]
[Result "0-1"]
[WhiteElo "2447"]
[BlackElo "2619"]
[TimeControl "180+1"]
[EndTime "11:07:05 PST"]
[Termination "vovachesss won by checkmate"]

1. e4 e5 2. Nc3 g6 3. g3 Bg7 4. Bg2 d6 5. Nge2 Ne7 6. d4 exd4 7.
Nxd4 O-O 8. Be3 Nbc6 9. O-O Ne5 10. h3 Nc4 11. Bc1 Nc6 12. Nxc6 bxc6 13. Qf3 Rb8 14. b3 Qf6 15. Qxf6 Bxf6 16. Bh6 Bxc3 17. Bxf8 Kxf8 18. bxc4 Bxa1 19. Rxa1 Rb2 20. e5 Rxc2 21. exd6 cxd6 22. Bxc6 Rxc4 23. Bg2 Be6 24. a3 Ke7 25.
h4 d5 26. Bf1 Rc3 27. a4 d4 28. Rd1 Kd6 29. Rxd4+ Kc5 30. Rf4 Rc1 31. Kg2 Bd5+ 32. f3 Rc2+ 33. Kg1 Rc1 34. Kf2 Rc2+ 35. Ke3 Ra2 36.
Bb5 Ra3+ 37. Kf2 Kb6 38. Be8 f5 39. g4 fxg4 40. fxg4 Kc5 41. h5 gxh5 42. gxh5 Kd6 43.
Bf7 Ke5 44. Rb4 Bxf7 45. Rb7 Bxh5 46. Rxh7 Ra2+ 47. Kg3 Ra3+ 48. Kf2 Bg6 49. Rxa7 Be8 50. a5 Kd5 51. Ke2 Kc5 52. Kd2 Ba4 53. Ke2 Bb5+ 54. Kd2 Rh3 55. Kc2 Rh6 56. Kd2 Ba6 57. Kc3 Kb5 58.
Kd4 Kxa5 59. Re7 Kb6 60. Ke5 Rh1 61. Re6+ Kb5 62. Rd6 Bb7 63. Rd4 Re1+ 64. Kf4 Kc5 65.
Rd2 Bd5 66. Kf5 Rf1+ 67. Ke5 Re1+ 68. Kf4 Re8 69. Kf5 Kd6 70. Kf4 Rf8+ 71. Ke3 Ke5 72.
Rh2 Rf3+ 73. Ke2 Ra3 74. Rh8 Kd4 75. Kf2 Ke5 76. Rf8 Be4 77. Re8+ Kf4 78. Rf8+ Bf5 79.
Rd8 Ra2+ 80. Ke1 Ke3 81. Kd1 Ra1# 0-1

[Event "*** Titled Tuesday Blitz"]
[Site "Chess.com"]
[Date "2020.12.01"]
[Round "6"]
[White "nonsopolo1"]
[Black "Loy_Konstantin"]
[Result "1-0"]
[WhiteElo "2217"]
[BlackElo "2352"]
[TimeControl "180+1"]
[EndTime "11:07:16 PST"]
[Termination "nonsopolo1 won by resignation"]

1. e4 c5 2. Nf3 d6 3. d4 cxd4 4. Nxd4 Nf6 5. Nc3 g6 6. Be2 Bg7 7. O-O O-O 8. Kh1 Nc6 9. Nb3 Be6 10. Bg5 Rc8 11. f4 a6 12. Bf3 b5 13. Nd5 Bxd5 14. exd5 Na5 15. Nxa5 Qxa5 16. a3 Qa4 17. c3 Qxd1 18.
Rfxd1 Rc5 19. a4 Rb8 20. axb5 Rcxb5 21. b4 R5b6 22. Ra5 Kf8 23. Bh4 Nd7 24. Rd3 Rc8 25.
Ra3 Nb8 26. h3 Rb7 27. Re3 Rbc7 28. Be1 Bf6 29. Be2 Ra7 30. b5 a5 31. c4 Nd7 32. Rxa5 Raa8 33. Rea3 Rxa5 34. Bxa5 Bd4 35. Bc3 Bc5 36. Ra6 Nb6 37. Ba5 Nd7 38. Rc6 Rxc6 39. dxc6 Nb6 40. g4 Ke8 41. Kg2 Kd8 42. Kf3 Kc8 43.
Ke4 e6 44. Bd3 f5+ 45. Kf3 Kc7 46. Kg3 Kc8 47. Kh4 fxg4 48. hxg4 d5 49. cxd5 Nxd5 50. Kg3 Be3 51. f5 exf5 52. gxf5 gxf5 53. Bxf5+ Kb8 54. Bxh7 Bf4+ 55. Kf3 Bc7 56. Bd2 Ne7 57. Be4 Nc8 58. Ke2 Nb6 59. Bd3 Kc8 60. Be3 Kb8 61. Kd2 Nd5 62. Bf2 Bb6 63. Bg3+ Bc7 64. Bh4 Bf4+ 65. Kc2 Bc7 66. Kb3 Nf4 67. Be4 Ne6 68. Bf2 Kc8 69. Kc4 Nf4 70. Bf5+ Kb8 71. b6 Nh5 72. bxc7+ Kxc7 73. Be4 Nf6 74. Bg3+ Kb6 75. Bg2 Ne8 76. Kd5 Nc7+ 77. Bxc7+ Kxc7 78. Kc5 1-0

[Event "*** Titled Tuesday Blitz"]
[Site "Chess.com"]
[Date "2020.12.01"]
[Round "6"]
[White "TC2304"]
[Black "AquivaRubinstein"]
[Result "0-1"]
[WhiteElo "2327"]
[BlackElo "2487"]
[TimeControl "180+1"]
[EndTime "11:07:21 PST"]
[Termination "AquivaRubinstein won by checkmate"]

1. d4 Nf6 2. Bg5 Ne4 3. Bf4 c5 4. f3 Nf6 5. dxc5 e6 6. Bd6 Na6 7. Nc3 Nxc5 8. e4 Bxd6 9. Qxd6 Qe7 10. Qd4 O-O 11. e5 Ne8 12. Nb5 b6 13. O-O-O Bb7 14.
Kb1 Bc6 15. f4 f6 16. Nf3 Bxf3 17. gxf3 fxe5 18. fxe5 a6 19. Nc3 Nc7 20. Rg1 Qf7 21. Be2 Rad8 22. Qd6 Na8 23. Rg3 Nb7 24. Qd3 d6 25.
Qxa6 Nc5 26. Qc4 dxe5 27. Rxd8 Rxd8 28. b4 Nb7 29. Ne4 h6 30. Qc6 Kh7 31. Bc4 Qd7 32. Ng5+ hxg5 33. Rh3+ Kg6 34. Bd3+ Kf6 35. Qe4 Qf7 36.
Rg3 Rd4 37. Qe3 Rxb4+ 38. Ka1 Rf4 39. h4 Nc5 40. hxg5+ Ke7 41. g6 Qf6 42. Rh3 e4+ 43. Kb1 exd3 44. cxd3 Na4 45. Qc1 Qc3 46. Qxc3 Nxc3+ 47.
Kc2 Nd5 48. Kd2 Nac7 49. Rh7 Kf6 50. Rh8 Nb5 51. a4 Nd6 52. Rd8 Ke7 53. Rg8 Kf6 54.
Rd8 Ke5 55. Rg8 Ne7 56. Rd8 Nxg6 57. Kc3 Ne7 58. d4+ Kd5 59. Rg8 Kc6 60. Rh8 Kd7 61.
Rh5 Nd5+ 62. Kd3 Rf5 63. Rh7 Rxf3+ 64. Ke2 Rf7 65. Rh8 Nc4 66. Ra8 Ke7 67. Ra7+ Kf6 68. Ra8 Re7 69. a5 Nxa5 70. Rc8 b5 71. Kf3 b4 72. Rb8 Rc7 73. Rf8+ Ke7 74. Ke4 b3 75. Rf1 Rb7 76. Ke5 b2 77. Rg1 Nc3 78. Rxg7+ Kf8 79.
Rxb7 Nxb7 80. Kxe6 b1=Q 81. d5 Qe4+ 82. Kd7 Qxd5+ 83. Kc8 Qc6+ 84. Kb8 Qd7 85. Ka7 Nb5+ 86. Kb8 Qc7+ 87. Ka8 Qa5+ 88. Kb8 Qa7+ 89. Kc8 Qa8+ 90. Kd7 Qd8+ 91. Kc6 Qc7+ 92. Kd5 N7d6 93. Ke6 Qe7+ 94. Kd5 Qe4+ 95. Kc5 Qd4+ 96. Kc6 Ne4 97. Kb7 Nbc3 98. Ka6 Qb4 99. Ka7 Qb5 100. Ka8 Nc5 101. Ka7 Qb7# 0-1

[Event "*** Titled Tuesday Blitz"]
[Site "Chess.com"]
[Date "2020.12.01"]
[Round "6"]
[White "natelleka"]
[Black "Perecke"]
[Result "1-0"]
[WhiteElo "2198"]
[BlackElo "2372"]
[TimeControl "180+1"]
[EndTime "11:07:27 PST"]
[Termination "natelleka won on time"]

1. e4 c5 2. Nf3 e6 3. d4 cxd4 4.
Nxd4 Nc6 5. Nb5 d6 6. c4 Nf6 7. N1c3 a6 8. Na3 Be7 9. Be2 O-O 10. Be3 b6 11. O-O Ne5 12. f4 Ned7 13. Bf3 Bb7 14.
Rc1 Nc5 15. e5 Bxf3 16. Qxf3 dxe5 17. fxe5 Nfd7 18. Bf4 Bg5 19. g3 Bxf4 20. gxf4 a5 21. Nab5 Qe7 22. Rcd1 Rfd8 23. Rfe1 Qh4 24. Kg2 Nf8 25.
Nd6 Ng6 26. Rf1 Rab8 27. Kh1 Qh6 28. Rde1 Rd7 29. a3 Rbd8 30. b4 axb4 31. axb4 Na6 32.
b5 Nc5 33. Nce4 Nxe4 34. Qxe4 Ne7 35. f5 Nxf5 36. Nxf5 exf5 37. Qxf5 Qe6 38. Qxe6 fxe6 39. Ra1 Rd4 40. Ra7 Rxc4 41. Rff7 Rg4 42. h3 Rg5 43. Rab7 h6 44. Rfe7 Rd5 45. Rxb6 Rdxe5 46. Rexe6 Rxe6 47. Rxe6 Rxb5 48. Kg2 Kh7 49. Kg3 h5 50. Kh4 g6 51.
Kg3 Kh6 52. Kg2 Rb3 53. Rd6 Kg5 54. Rd5+ Kf6 55. Rd6+ Kf5 56. Rd5+ Ke4 57. Rd6 g5 58. Ra6 Rb4 59. Rh6 h4 60. Rg6 Kf5 61. Ra6 Rb2+ 62.
Kf3 Rb3+ 63. Kg2 Rb4 64. Ra5+ Kf4 65. Ra8 Rb2+ 66. Kg1 Kg3 67. Ra3+ Kf4 68. Rc3 Rd2 69. Rb3 Re2 70. Ra3 Re3 71. Ra4+ Kf3 72. Rg4 Re5 73.
Kf1 Rd5 74. Kg1 Rb5 75. Kh2 Rf5 76. Kg1 Ke3 77. Kg2 Rb5 78. Kg1 Kf3 79. Kh2 Rb1 80. Rxg5 Rb2+ 81. Kh1 Rb3 82. Kh2 1-0

[Event "*** Titled Tuesday Blitz"]
[Site "Chess.com"]
[Date "2020.12.01"]
[Round "6"]
[White "kinga2008"]
[Black "RamyresCoelho"]
[Result "1-0"]
[WhiteElo "2175"]
[BlackElo "2084"]
[TimeControl "180+1"]
[EndTime "11:07:33 PST"]
[Termination "kinga2008 won by resignation"]

1. e4 c5 2. Nf3 d6 3. c3 Nf6 4.
Bd3 e6 5. Bc2 Be7 6. O-O O-O 7. d4 cxd4 8. cxd4 Nc6 9. Nc3 a6 10.
Bg5 h6 11. Bxf6 Bxf6 12. a3 b5 13. d5 Ne5 14. Nxe5 dxe5 15. Qd3 Qb6 16. Rad1 Rd8 17.
Bb3 Bd7 18. dxe6 Bxe6 19. Bd5 Rac8 20. Qf3 b4 21. Bxe6 fxe6 22. Ne2 bxa3 23. bxa3 Qb2 24. Ng3 Rxd1 25. Rxd1 Rc1 26. a4 Qc2 27. Rxc1 Qxc1+ 28. Nf1 Qc6 29. a5 Qa4 30. Qc3 Kh7 31. h3 Qxe4 32. Ng3 Qb1+ 33. Kh2 Qb5 34. Qc2+ g6 35. Ne4 Bg7 36.
Qc7 h5 37. Nf6+ Kh6 38. Ng8+ Kh7 39. Nf6+ Kh6 40. Qe7 Bxf6 41. Qxf6 Qe8 42. h4 e4 43. Qg5+ Kh7 44. Qe5 Qc6 45. Qf6 Qd6+ 46. g3 Qd7 47.
Qe5 Qf7 48. Qxe4 Qxf2+ 49. Kh1 Qf5 50. Qb7+ Kh6 51. Qxa6 Qf3+ 52. Kh2 Qf2+ 53. Kh3 Qf5+ 54. Kg2 Qc2+ 55. Kf3 Qd1+ 56. Qe2 Qd5+ 57. Qe4 Qxa5 58. Qxe6 Qc3+ 59. Kf4 Qd2+ 60. Qe3 Qd6+ 61. Kf3+ Kg7 62. Qc3+ Kf7 63. Qe3 Qc6+ 64. Kf2 Qc2+ 65. Kg1 Qd1+ 66. Kg2 Kf6 67. Qb6+ Kf5 68. Qc5+ Kf6 69. Qc6+ Kg7 70. Qf3 Qd2+ 71. Qf2 Qd5+ 72. Kh2 Qf7 73. Qxf7+ Kxf7 74. Kg2 Ke6 75. Kf2 Kf6 76. Ke2 Ke6 77. Kd2 Kf5 78.
Ke3 Kg4 79. Kf2 Kh3 80. Kf3 Kh2 81. Kf2 Kh3 82. Kf3 Kh2 83. g4 Kh1 84. gxh5 gxh5 85. Kf4 Kh2 86. Kg5 Kh3 87. Kxh5 Kg3 88. Kg5 Kf3 89. h5 Ke4 90. h6 Ke5 91. h7 Ke6 92.
h8=Q Kf7 93. Qh6 Kg8 94. Qa6 Kg7 95. Qb7+ Kh8 96. Kg6 1-0

[Event "*** Titled Tuesday Blitz"]
[Site "Chess.com"]
[Date "2020.12.01"]
[Round "6"]
[White "Ranindu2003"]
[Black "SergeyShtyka"]
[Result "0-1"]
[WhiteElo "2590"]
[BlackElo "2453"]
[TimeControl "180+1"]
[EndTime "11:07:42 PST"]
[Termination "SergeyShtyka won by resignation"]

1. e4 c5 2. Nf3 Nc6 3. d4 cxd4 4. Nxd4 Nf6 5. Nc3 e5 6. Ndb5 h6 7. Nd5 Nxd5 8. exd5 a6 9. dxc6 axb5 10. cxd7+ Bxd7 11. Bd3 Bc6 12. O-O Qd5 13. f3 Bc5+ 14. Kh1 O-O 15. Qe2 b4 16. Bc4 Qd6 17. Be3 Bxe3 18.
Qxe3 Rad8 19. Rfe1 Rfe8 20. Bb3 e4 21. fxe4 Rxe4 22.
Qf2 Rxe1+ 23. Rxe1 Qg6 24. h3 Rd6 25. Bc4 Rf6 26.
Qd2 Qg3 27. Qd8+ Kh7 28. Qd3+ Qxd3 29. Bxd3+ Kg8 30. Kg1 Kf8 31. Bc4 Rd6 32. Re2 Rd4 33. Bd3 g6 34. Kf2 Rd6 35. Kg3 f5 36. Kf4 Kf7 37.
Ke3 Re6+ 38. Kf2 Rxe2+ 39. Bxe2 Ke6 40. g4 fxg4 41. hxg4 Ke5 42. Ke3 Bd5 43. a3 bxa3 44. bxa3 b6 45. Bd3 Bf7 46. Be2 h5 47. gxh5 gxh5 48.
Bf1 h4 49. Bh3 Be6 50. Bf1 h3 51. Kf2 Kd4 52. Kg3 Kc3 53. Bd3 Bd7 54. Be4 Kb2 55. Bg6 Kxa3 56. Bd3 Kb2 57. Be4 Kc3 58. Bd3 b5 59.
Bh7 b4 60. Bg6 Be6 61. Bh7 Bc8 62. Bg6 Kd2 63. Bh7 Ke1 64. Bg6 Kf1 65. Kh2 Kf2 66. Bd3 Be6 67. Bh7 Kf3 68. Bd3 Ke3 69. Bh7 Kd2 70. Bg6 Ba2 71. Bh7 Bb1 72. Kxh3 Bxc2 73. Bg8 Kc3 74. Kg3 Bb3 75. Bh7 Bc4 76. Kf2 b3 77.
Ke3 b2 78. Bb1 Bb3 79. Ke2 Bc2 80. Ba2 Bd3+ 81. Kd1 Bc2+ 82. Ke2 Bf5 83. Kd1 Bg4+ 84. Ke1 Kc2 85. Kf2 Bh5 86. Ke3 Bg6 87. Kd4 Kc1 88.
Kc3 Bf7 0-1

[Event "*** Titled Tuesday Blitz"]
[Site "Chess.com"]
[Date "2020.12.01"]
[Round "6"]
[White "Micki-taryan"]
[Black "youngKID"]
[Result "1-0"]
[WhiteElo "3016"]
[BlackElo "2857"]
[TimeControl "180+1"]
[EndTime "11:07:50 PST"]
[Termination "Micki-taryan won by resignation"]

1. Nf3 Nf6 2. d4 d5 3. c4 e6 4. Nc3 Be7 5. Bg5 O-O 6. Qc2 Nbd7 7.
cxd5 exd5 8. e3 c6 9. Bd3 Re8 10. O-O Nf8 11. Rab1 g6 12. b4 Ne6 13. Bh4 a6 14. a4 Ng7 15. b5 axb5 16. axb5 Bf5 17.
bxc6 bxc6 18. Ne5 Rc8 19. Na4 Bxd3 20. Nxd3 Nf5 21. Bxf6 Bxf6 22. Rfc1 Bxd4 23. exd4 Nxd4 24. Qd1 Ne2+ 25. Kh1 Nxc1 26. Rxc1 Qf6 27. Nac5 Re7 28. g3 Rce8 29. Kg2 h5 30. h4 Qf5 31. Rb1 Re2 32. Rb4 Qf6 33. Qc1 Ra8 34. Rf4 Qa1 35. Qxa1 Rxa1 36.
Rf6 Rc2 37. Rxc6 Ra5 38. Rc7 d4 39. Kf3 Ra3 40. Ke4 Rac3 41. Kxd4 Rc4+ 42. Kd5 R4c3 43. Rb7 Rd2 44. Ke4 Re2+ 45. Kd4 Rcc2 46. Nd7 Rxf2 47.
Nxf2 Rxf2 48. Ke3 Rf5 49. Rb8+ Kg7 50. Re8 Rd5 51. Ne5 Ra5 52. Nd3 Ra4 53. Rc8 Ra7 54. Rc5 Re7+ 55. Re5 Rd7 56. Re4 Ra7 57. Rd4 Re7+ 58. Kf3 Re6 59. Nf4 Re1 60. Rd7 Rf1+ 61.
Ke2 Ra1 62. Ne6+ Kg8 63. Rd8+ Kh7 64. Ng5+ Kg7 65. Rd7 Ra2+ 66. Kf1 Ra1+ 67. Kg2 Ra2+ 68.
Kf3 Ra3+ 69. Kf4 Ra4+ 70. Ne4 Ra1 71. Nd6 Rf1+ 72. Ke3 Kf8 73. Ne4 Kg7 74. Ke2 Rf5 75. Nd6 Re5+ 76. Kf3 Ra5 77. Rxf7+ Kh6 78. Rb7 Ra3+ 79.
Kf4 Ra4+ 80. Ne4 Ra5 81. Rb3 Rf5+ 82. Ke3 Rf7 83. Ng5 Re7+ 84. Kf3 Re1 85. Re3 Rf1+ 86.
Kg2 Ra1 87. Nf3 Ra2+ 88. Kh3 Ra1 89. Re6 Ra2 90. Ne5 1-0

[Event "*** Titled Tuesday Blitz"]
[Site "Chess.com"]
[Date "2020.12.01"]
[Round "6"]
[White "Aborigen_came"]
[Black "Pogosian_Manvel"]
[Result "1/2-1/2"]
[WhiteElo "2730"]
[BlackElo "2383"]
[TimeControl "180+1"]
[EndTime "11:08:02 PST"]
[Termination "Game drawn by stalemate"]

1. Nc3 Nf6 2. e4 d6 3. d4 c6 4. f4 g6 5. Nf3 Bg7 6. Bd3 O-O 7.
O-O Bg4 8. e5 Nd5 9. Nxd5 cxd5 10.
h3 Bxf3 11. Qxf3 e6 12. c3 Nc6 13. Be3 f6 14. exf6 Qxf6 15. Rae1 a6 16. g4 Rf7 17. g5 Qe7 18. h4 Raf8 19. Qh1 Qd7 20. h5 Ne7 21. hxg6 hxg6 22. Qh3 Nf5 23. Bd2 Re7 24.
Re2 Kf7 25. Rfe1 Rh8 26. Qg2 Bf8 27. b3 b5 28. Bxf5 gxf5 29. Qg3 Kg6 30. Rh2 Rxh2 31.
Qxh2 Rh7 32. Qe2 Kf7 33. Kg2 Rg7 34. Rh1 Kg8 35. Rh6 Re7 36. Rg6+ Bg7 37. Qh5 Qe8 38.
Be1 Qf7 39. Bh4 Kf8 40. Kh3 Ke8 41. Bg3 Kd7 42. Kh4 Re8 43. Rh6 Qxh5+ 44. Rxh5 Ke7 45. Rh7 Kf7 46. Kh5 Rh8 47. g6+ Kg8 48. Rxh8+ Kxh8 49. Bh4 Kg8 50. Be7 e5 51. Bxd6 exd4 52. cxd4 Bxd4 53. Kg5 Bc3 54. Kxf5 d4 55. Ke4 Kg7 56. Be5+ Kxg6 57. Bxd4 Bd2 58. f5+ Kf7 59. Be5 a5 60. Kd5 a4 61.
Kc5 axb3 62. axb3 b4 63. Kc4 Be1 64. Kd3 Ke7 65. Ke4 Kd7 66. Bd4 Ke7 67. Kd5 Kf7 68. Kc4 Ke7 69. Kd3 Kf7 70. Ke2 Bg3 71. Kf3 Bd6 72. Ke4 Bg3 73. Be5 Be1 74. Kd5 Ke7 75. Bd4 Kf7 76. Ke4 Ke7 77. Kf3 Kf7 78. Ke2 Bg3 79.
Bb2 Bd6 80. Kd3 Ke7 81. Kc4 Kf7 82. Bd4 Bf8 83. Bc5 Bh6 84. Kxb4 Kf6 85. Kc4 Kxf5 86. Kd5 Bd2 87. Kd6 Ke4 88. Kc6 Kd3 89. Kb5 Kc2 90.
Kc4 Be1 91. Bb4 Bf2 92. Ba5 Kb2 93. Bb4 Ka2 94. Ba5 Kb2 95. Bc3+ Ka3 96. b4 Ka4 97. b5 Bb6 98. Bb4 Ba7 99. Bc5 Bb8 100. b6 Ka5 101. Bd4 Ka6 102. Kc5 Kb7 103. Kb5 Ba7 104. bxa7 Ka8 105. Kc6 1/2-1/2

[Event "*** Titled Tuesday Blitz"]
[Site "Chess.com"]
[Date "2020.12.01"]
[Round "6"]
[White "RobPeresian"]
[Black "tylityli"]
[Result "1/2-1/2"]
[WhiteElo "2435"]
[BlackElo "2324"]
[TimeControl "180+1"]
[EndTime "11:08:30 PST"]
[Termination "Game drawn - insufficient material"]

1. Nf3 Nf6 2. c4 c5 3. Nc3 d5 4. cxd5 Nxd5 5. Nxd5 Qxd5 6. d3 Nc6 7. g3 e5 8. Bg2 Be7 9. O-O O-O 10. Be3 Be6 11.
Nd2 Qd7 12. Rc1 b6 13. a3 Rac8 14. Re1 h6 15. Qa4 Bd5 16. Bf1 Rfd8 17. b4 Nd4 18. Qxd7 Rxd7 19. Bxd4 exd4 20. Bh3 Be6 21. Bxe6 fxe6 22.
b5 e5 23. Ne4 Bg5 24. Rc4 Rf8 25. Kg2 Rdf7 26. a4 Be7 27. a5 Rb8 28. a6 Bf8 29. Rf1 Be7 30. Rcc1 Rbf8 31. e3 Rd8 32. Rfd1 Bg5 33.
Nxg5 hxg5 34. e4 Rdf8 35. Rd2 g6 36. g4 Kg7 37. h3 Kf6 38. f3 Ke6 39. Rf2 Rc7 40.
Kg3 Rfc8 41. Rc4 Kd6 42. h4 Rh7 43. hxg5 Rch8 44. Rg2 Rh3+ 45. Kf2 Rh1 46. Rc2 Rd1 47. Ke2 Rb1 48. f4 exf4 49. Kf3 Ke5 50. Rh2 Rf1+ 51. Rcf2 Rxf2+ 52. Rxf2 Rh3+ 53. Ke2 Re3+ 54. Kd2 Rg3 55. Rh2 Rxg4 56. Rh7 Rxg5 57. Rxa7 Rg2+ 58. Ke1 Ra2 59. Rb7 f3 60. Rf7 Ra5 61. a7 g5 62. Rxf3 Rxa7 63. Rf5+ Ke6 64. Rxg5 Kf6 65. Rh5 Kg6 66. Rd5 Rb7 67. Rd6+ Kg5 68. Kd2 Kf4 69. Rf6+ Ke5 70. Rc6 Kf4 71. Kc2 Ke3 72. e5 Kf4 73. e6 Ke5 74. Kb3 Kd5 75. e7 Rxe7 76. Rxb6 Re3 77. Kc2 Re2+ 78. Kd1 Re3 79. Kd2 Rh3 80. Rb8 Rh2+ 81. Kd1 Rb2 82. Rd8+ Ke6 83. Rb8 Kd6 84. Rd8+ Kc7 85. Rd5 Rxb5 86. Kc2 Kc6 87. Rh5 Ra5 88.
Rh8 Ra2+ 89. Kd1 Rg2 90. Rb8 Kd5 91. Rd8+ Kc6 92. Rb8 Ra2 93. Kc1 Kd5 94. Kd1 Ke5 95. Re8+ Kf4 96. Ke1 Ra3 97. Kd2 Ra2+ 98. Kd1 Kf3 99.
Re5 Ra1+ 100. Kd2 Ra2+ 101. Kd1 Ra1+ 102. Kd2 Ra5 103. Re7 Kf4 104. Re8 Ra2+ 105. Kd1 Kf3 106. Re7 Kf4 107. Re6 Ra1+ 108. Kd2 Ra2+ 109. Kd1 Ra3 110. Kd2 Rc3 111. Re8 Kf5 112. Re7 Kf6 113. Re8 Kf7 114. Re4 Kf6 115. Re8 Kf5 116. Re4 c4 117. Rxd4 Rxd3+ 118. Rxd3 cxd3 119. Kxd3 1/2-1/2

[Event "*** Titled Tuesday Blitz"]
[Site "Chess.com"]
[Date "2020.12.01"]
[Round "7"]
[White "Kotofeyca"]
[Black "Smile2005"]
[Result "1-0"]
[WhiteElo "2472"]
[BlackElo "2327"]
[TimeControl "180+1"]
[EndTime "11:09:28 PST"]
[Termination "Kotofeyca won by resignation"]

1. d4 Nf6 2. c4 g6 3. f3 Bg7 4.
e4 O-O 5. Nc3 d6 6. Be3 Nc6 7.
Nge2 a6 8. a3 Rb8 9. b4 b5 10. cxb5 axb5 11. d5 Ne5 12. Nd4 Nc4 13. Bxc4 bxc4 14. Nc6 Qe8 15. Nxb8 Bh3 1-0

[Event "*** Titled Tuesday Blitz"]
[Site "Chess.com"]
[Date "2020.12.01"]
[Round "7"]
[White "AradNazari"]
[Black "stepanosinovsky"]
[Result "0-1"]
[WhiteElo "2403"]
[BlackElo "2302"]
[TimeControl "180+1"]
[EndTime "11:09:53 PST"]
[Termination "stepanosinovsky won by resignation"]

1. Nf3 Nf6 2. g3 g6 3. Bg2 Bg7 4. O-O O-O 5. d4 d6 6. Re1 Nbd7 7. c3 e5 8. Nbd2 Re8 9. dxe5 Nxe5 10. e4 Nd3 11. Re3 Nxc1 12. Rxc1 a5 13. Re1 a4 14. Qc2 Be6 15. b3 axb3 16. axb3 Ra7 17. Nd4 Bd7 18. Ra1 Rxa1 19. Qb2 Rxe1+ 0-1

[Event "*** Titled Tuesday Blitz"]
[Site "Chess.com"]
[Date "2020.12.01"]
[Round "7"]
[White "guillembaches"]
[Black "Quiet_Desperation"]
[Result "1-0"]
[WhiteElo "2384"]
[BlackElo "1675"]
[TimeControl "180+1"]
[EndTime "11:09:58 PST"]
[Termination "guillembaches won by resignation"]

1. c4 c6 2. e4 d5 3. exd5 cxd5 4. cxd5 Nf6 5. Nc3 Nxd5 6. Nf3 Nc6 7. Bb5 Bg4 8. h3 Bh5 9. Qa4 Bxf3 10. Bxc6+ bxc6 11. Qxc6+ Qd7 12. Qxa8+ Qd8 1-0

[Event "*** Titled Tuesday Blitz"]
[Site "Chess.com"]
[Date "2020.12.01"]
[Round "7"]
[White "AldokhinIvan"]
[Black "ChelsieMonica"]
[Result "1-0"]
[WhiteElo "2498"]
[BlackElo "2380"]
[TimeControl "180+1"]
[EndTime "11:11:15 PST"]
[Termination "AldokhinIvan won by resignation"]

1. e4 e5 2. Nf3 Nc6 3. Bb5 Nf6 4.
O-O a6 5. Bxc6 dxc6 6. Nxe5 Be7 7. Nc3 O-O 8. d4 h6 9. h3 c5 10. d5 b5 11. Nc6 Qd7 12. e5 Nh7 13. Bf4 b4 14. Ne4 Bb7 15. Nxe7+ Qxe7 16. Qg4 Kh8 17. d6 cxd6 18. Nxd6 Bd5 19. Nf5 1-0

[Event "*** Titled Tuesday Blitz"]
[Site "Chess.com"]
[Date "2020.12.01"]
[Round "7"]
[White "Gerasimenyuk_Miha"]
[Black "PavelShkapenko"]
[Result "0-1"]
[WhiteElo "2421"]
[BlackElo "2688"]
[TimeControl "180+1"]
[EndTime "11:11:20 PST"]
[Termination "PavelShkapenko won by resignation"]

1. d4 Nf6 2. Nf3 e6 3. Bg5 c5 4. e3 cxd4 5. Nc3 dxc3 6. bxc3 Qa5 7. Bd3 Qxc3+ 8. Kf1 Nc6 9. Rb1 d5 10. h4 Ne4 11.
Bxe4 dxe4 12. Nd4 Nxd4 13. exd4 Bd6 14. d5 Qc4+ 15. Kg1 Qxd5 16. Qg4 0-1

[Event "*** Titled Tuesday Blitz"]
[Site "Chess.com"]
[Date "2020.12.01"]
[Round "7"]
[White "MIJuanReyesRosa"]
[Black "Ze-Pequeno"]
[Result "1-0"]
[WhiteElo "2065"]
[BlackElo "2170"]
[TimeControl "180+1"]
[EndTime "11:11:25 PST"]
[Termination "MIJuanReyesRosa won by resignation"]

1. e4 e5 2. Nf3 Nc6 3. Bb5 a6 4. Ba4 Nf6 5. d4 exd4 6. O-O b5 7. Bb3 Be7 8. e5 Ne4 9. Nxd4 O-O 10. Bd5 Nc5 11. Nxc6 dxc6 12. Bxc6 Rb8 13. Nc3 Rb6 14. Qxd8 Rxd8 15. Nd5 1-0

[Event "*** Titled Tuesday Blitz"]
[Site "Chess.com"]
[Date "2020.12.01"]
[Round "7"]
[White "NewBornNow"]
[Black "stoleriu"]
[Result "1-0"]
[WhiteElo "2701"]
[BlackElo "2550"]
[TimeControl "180+1"]
[EndTime "11:11:31 PST"]
[Termination "NewBornNow won by resignation"]

1. e4 e6 2. d4 d5 3. Nc3 Bb4 4. e5 c5 5. a3 Bxc3+ 6. bxc3 Qc7 7. Nf3 Ne7 8. h4 b6 9. Bb5+ Bd7 10. Bd3 Nbc6 11.
h5 h6 12. O-O Na5 13. Re1 Ba4 14. Qd2 Rc8 15. dxc5 Qxc5 16. Qf4 Qxc3 17. Qxa4+ 1-0

[Event "*** Titled Tuesday Blitz"]
[Site "Chess.com"]
[Date "2020.12.01"]
[Round "7"]
[White "Trickov"]
[Black "coco_crc"]
[Result "1-0"]
[WhiteElo "2346"]
[BlackElo "2189"]
[TimeControl "180+1"]
[EndTime "11:11:33 PST"]
[Termination "Trickov won by resignation"]

1. d4 d5 2. Nf3 Nf6 3. c4 e6 4. g3 Be7 5. Nc3 O-O 6. Bg2 dxc4 7. Qa4 a6 8. Qxc4 b5 9. Qd3 Bb7 10. O-O c5 11. Rd1 cxd4 12. Nxd4 Bxg2 13. Kxg2 Ra7 14. Bf4 Rd7 15. Bxb8 Qxb8 16. Qf3 Rfd8 17. Nc6 Rxd1 18. Rxd1 1-0

[Event "*** Titled Tuesday Blitz"]
[Site "Chess.com"]
[Date "2020.12.01"]
[Round "7"]
[White "Panterov"]
[Black "catzapto"]
[Result "1-0"]
[WhiteElo "2274"]
[BlackElo "2120"]
[TimeControl "180+1"]
[EndTime "11:11:51 PST"]
[Termination "Panterov won by checkmate"]

1. e4 c5 2. b3 e6 3. Bb2 Nc6 4. g3 d5 5. Bg2 dxe4 6. Bxe4 Nf6 7. Bg2 Bd6 8. Ne2 h5 9. h4 Ng4 10. O-O f6 11. d4 Qc7 12. dxc5 Bxg3 13. Nxg3 Nxf2 14. Kxf2 g5 15. Qd6 Qa5 16. Bxf6 gxh4 17. Bxh8 Bd7 18. Ne4 O-O-O 19. Bf6 Rg8 20. Nbc3 Qb4 21.
Rad1 Nb8 22. c6 Bxc6 23. Qxb4 h3 24. Bxh3 Na6 25. Bxe6+ Kc7 26. Be5# 1-0

[Event "*** Titled Tuesday Blitz"]
[Site "Chess.com"]
[Date "2020.12.01"]
[Round "7"]
[White "hleol"]
[Black "Nadtkins"]
[Result "0-1"]
[WhiteElo "2326"]
[BlackElo "2507"]
[TimeControl "180+1"]
[EndTime "11:12:11 PST"]
[Termination "Nadtkins won by resignation"]

1. d4 Nf6 2. c4 d6 3. Nc3 e5 4.
Nf3 Nbd7 5. e4 Be7 6. Be2 O-O 7.
O-O c6 8. Be3 Ng4 9. Bd2 Qe8 10.
h3 Ngf6 11. Be3 Bd8 12. dxe5 dxe5 13. b4 a5 14. a3 Qe7 15. c5 Bc7 16. Qc2 Re8 17.
Nh4 g6 18. Bg5 Nf8 19. Rad1 axb4 20. axb4 Ne6 21. Bh6 Nd4 22. Qb1 Ra3 23. Rxd4 exd4 24. Nd1 Qxe4 25. Qxe4 Rxe4 0-1

[Event "*** Titled Tuesday Blitz"]
[Site "Chess.com"]
[Date "2020.12.01"]
[Round "7"]
[White "Vojtap"]
[Black "Omk124"]
[Result "1-0"]
[WhiteElo "2141"]
[BlackElo "2311"]
[TimeControl "180+1"]
[EndTime "11:12:21 PST"]
[Termination "Vojtap won by resignation"]

1. e4 c5 2. Nf3 d6 3. d4 cxd4 4. Nxd4 Nf6 5. Nc3 a6 6. Bg5 e6 7. f4 h6 8. Bh4 Nbd7 9. Qf3 Be7 10. O-O-O Qc7 11. g4 g5 12. fxg5 Ne5 13. Qg3 Nfxg4 14.
gxh6 Bxh4 15. Qxh4 Rxh6 16. Qg5 Rg6 17. Qh4 Rg7 18.
Qh8+ Ke7 19. Qxg7 Nf2 20. Nf5+ Kd7 21. Rxd6+ Qxd6 22. Nxd6 Kxd6 23. Qf8+ Kc7 24. Be2 1-0

[Event "*** Titled Tuesday Blitz"]
[Site "Chess.com"]
[Date "2020.12.01"]
[Round "7"]
[White "Kildepiotr"]
[Black "rynos0411"]
[Result "1-0"]
[WhiteElo "2635"]
[BlackElo "2386"]
[TimeControl "180+1"]
[EndTime "11:12:26 PST"]
[Termination "Kildepiotr won by resignation"]

1. Nf3 Nf6 2. g3 e6 3. Bg2 d5 4.
O-O Be7 5. d3 O-O 6. Nbd2 c6 7.
e4 Nbd7 8. Qe2 a5 9. e5 Ne8 10. h4 Qc7 11. Re1 c5 12. c3 b5 13. h5 b4 14. h6 g6 15. c4 Bb7 16. Nf1 dxc4 17.
dxc4 a4 18. N1h2 a3 19. b3 Rd8 20. Bg5 Nb8 21. Bxe7 Qxe7 22. Ng4 Nc6 23. Rad1 Nd4 24.
Nxd4 cxd4 25. Bxb7 Qxb7 26. Qe4 Qb6 27. Qf4 d3 28.
Nf6+ 1-0

[Event "*** Titled Tuesday Blitz"]
[Site "Chess.com"]
[Date "2020.12.01"]
[Round "7"]
[White "GMaka"]
[Black "Marianov_Podstavnikov"]
[Result "1-0"]
[WhiteElo "2439"]
[BlackElo "2260"]
[TimeControl "180+1"]
[EndTime "11:12:26 PST"]
[Termination "GMaka won by resignation"]

1. Nf3 Nf6 2. c4 e6 3. Nc3 d5 4. d4 dxc4 5. e4 Bb4 6. e5 Nd5 7. Bd2 Bxc3 8. bxc3 b5 9. Be2 Bb7 10. O-O O-O 11. Qc2 Nd7 12. Ng5 g6 13. Bf3 c5 14.
Ne4 cxd4 15. cxd4 f5 16. Nd6 Bc6 17. Bh6 Qh4 18. Bxf8 Rxf8 19. Bxd5 Bxd5 20. Nxb5 f4 21. f3 g5 22. Nc7 Bc6 23. Nxe6 Re8 24. Qf5 h6 25. Qg6+ 1-0